[Event "Israeli Team-ch 2023"]
[Site "Petah Tikva"]
[Date "2023.01.20"]
[Round "3.21"]
[White "Raznikov, Danny"]
[Black "Kantsler, Boris"]
[Result "1/2-1/2"]
[ECO "C62"]
[WhiteElo "2482"]
[BlackElo "2407"]
[Annotator "TA"]
[PlyCount "71"]
[EventDate "2023.01.13"]
[EventCountry "ISR"]
[SourceTitle "playchess.com"]
[Source "ChessBase"]
[SourceQuality "1"]
[TimeControl "40/5400+30:1800+30"]

1. d4 d6 2. e4 Nf6 3. Nc3 e5 4. Nf3 exd4 5. Qxd4 Nc6 6. Bb5 Bd7 7. Bxc6 Bxc6 8. O-O Be7 {[%emt 0:00:17] C62: Ruy Lopez: Steinitz Defence.} 9. b3 O-O 10. Re1 Re8 11. Bb2 Bf8 12. Rad1 {[%emt 0:01:25] [#]} a6 $146 ({Predecessor:} 12... b6 13. a3 Qc8 14. Nd5 Bxd5 15. exd5 Qf5 16. c4 Ne4 17. Qe3 Rac8 18. Nd4 Qe5 {1-0 Padmini,R (2257)-Tasnin,A Commonwealth-ch 2008 (1)}) 13. h3 Qc8 14. Re3 Qe6 15. Rde1 Nd7 (15... Qd7 $11 {remains equal.}) 16. Nd5 $16 Rac8 17. c4 {[%emt 0:05:19] White is much more active.} Qh6 18. Nh2 Bxd5 19. Qxd5 (19. exd5 $16 Rxe3 20. Rxe3 (20. Qxe3 Qxe3 21. Rxe3 g6 $11)) 19... c6 $11 20. Qd4 b5 21. Nf1 bxc4 ({Better is} 21... Qe6 $11) 22. Qxc4 $14 Nc5 23. Ng3 ({Weaker is} 23. Rf3 d5 24. Qc2 dxe4 $17) 23... Qg6 24. Qd4 (24. Nf5 $16) 24... d5 $11 {[%emt 0:03:18] The position is equal.} 25. exd5 Rxe3 26. Rxe3 {[%emt 0:00:16][%cal Od5d6] aiming for d6!} cxd5 27. Kh2 Ne6 28. Qxd5 Rc2 29. Be5 Rxf2 30. Re2 Rxe2 31. Nxe2 Qc2 32. Nd4 Nxd4 33. Qxd4 Qxa2 34. Bxg7 Bxg7 35. Qd8+ Bf8 36. Qg5+ {[%emt 0:00:03] Weighted Error Value: White=0.14 (very precise) /Black=0.11 (very precise)} 1/2-1/2

[Event "Israeli Team-ch 2023"]
[Site "Petah Tikva"]
[Date "2023.01.20"]
[Round "3.22"]
[White "Zaslavsky, Mikhail"]
[Black "Rozentalis, Eduardas"]
[Result "0-1"]
[ECO "A01"]
[WhiteElo "2430"]
[BlackElo "2507"]
[Annotator "TA"]
[PlyCount "80"]
[EventDate "2023.01.13"]
[EventCountry "ISR"]
[SourceTitle "playchess.com"]
[Source "ChessBase"]
[SourceQuality "1"]
[TimeControl "40/5400+30:1800+30"]

1. b3 e5 2. Bb2 d6 3. e3 Nf6 4. d4 Nbd7 5. c4 c6 6. Nc3 {[%emt 0:00:22] A01: Nimzowitsch-Larsen Opening.} Be7 7. Be2 O-O 8. Nf3 {[%emt 0:00:08] The position is equal.} e4 9. Nd2 d5 10. f3 exf3 11. Bxf3 Bb4 12. O-O Re8 13. Re1 Nf8 {[%emt 0:04:28] [#]} 14. e4 $146 {[%emt 0:23:46] Against Bf5} ({Predecessor:} 14. Qc2 Ne6 15. cxd5 cxd5 16. Rac1 Ng5 17. a3 Bf8 18. e4 Nxf3+ 19. Nxf3 Nxe4 20. Nxe4 {0-1 Di Giulio,M (2011)-Sabia,C (2174) Napoli Vomero Inverno op 3rd  2008 (4)}) 14... dxe4 15. Ndxe4 Bf5 {[%emt 0:00:57] [#] Hoping for ...Bxe4.} 16. Re2 (16. Nxf6+ $11 {keeps the balance.} Qxf6 17. Ne4) 16... Ne6 $17 17. a3 Bf8 18. Nxf6+ Qxf6 19. Ne4 Bxe4 20. Bxe4 Rad8 (20... Nf4 $5 21. Re1 g6 $11) 21. Qe1 Nxd4 (21... Bd6 $1 $15 22. Bd3 (22. g3 Nxd4 23. Bxd4 Qxd4+ 24. Kg2 g6 $17) 22... Kf8) 22. Bxh7+ $1 $11 {[%emt 0:01:57][%mdl 64] [#] Discovered Attack} Kxh7 23. Rxe8 Rxe8 24. Qxe8 Nf3+ $1 {[%emt 0:00:18][%mdl 64] Discovered Attack} 25. Kh1 $2 {[%emt 0:03:00] Black continues to play with concentration.} (25. gxf3 $11 {and White has nothing to worry.} Bc5+ 26. Kf1 Qxf3+ 27. Ke1 Qf2+ 28. Kd1 Qxb2 29. Qe4+ Kg8 30. Rb1 Qxa3 31. Kc2) 25... Qxb2 $19 26. Rf1 (26. Qe4+ $142 Kg8 27. Rb1) 26... Qe5 (26... Bxa3 27. Qe4+ (27. Rxf3 $2 Qc1+) 27... Kg8 28. Qxf3 $18) 27. Qxe5 Nxe5 28. b4 (28. a4 $142) 28... b6 ({Stronger than} 28... Nxc4 29. Rxf7 Bd6 30. Rd7 $17) 29. Rc1 Kg6 30. h3 Kf5 31. g4+ Ke4 32. Kg2 Be7 33. Kg3 g5 34. Rf1 Kd4 (34... Nxc4 35. Re1+ Ne3 36. Kf2 $16) 35. Rf5 Kxc4 ({Weaker is} 35... Nxc4 36. Rxf7 Bd6+ 37. Kf2 $17) 36. h4 (36. Rxe5 $2 {is the wrong capture.} Bd6 37. Kf3 Bxe5) (36. Kf2 $142 f6 37. Ke2) 36... gxh4+ 37. Kh3 Kd5 {[%emt 0:01:01] ...c5 is the strong threat.} 38. Rh5 c5 39. bxc5 bxc5 {[%emt 0:00:12] ( -> ...c4)} 40. g5 Ng6 {[%emt 0:01:02] Weighted Error Value: White=1.19/Black=0.09 (flawless)} (40... c4 $142 41. Kxh4 c3 42. Kg3 c2 43. Rh1 Bxa3 44. Rg1 c1=Q 45. Rxc1 Bxc1 46. g6 Nxg6 47. Kf3 Bf4 48. Ke2 Ke4 49. Ke1 a5 50. Kf2 a4 51. Kg2 a3 52. Kh3 a2 53. Kg2 a1=Q 54. Kf2 Qb2+ 55. Kg1 Bg3 56. Kh1 Qh2#) 0-1

[Event "Israeli Team-ch 2023"]
[Site "Petah Tikva"]
[Date "2023.01.20"]
[Round "3.23"]
[White "Milikow, Yoav"]
[Black "Musyuk, Lior"]
[Result "1-0"]
[ECO "D35"]
[WhiteElo "2416"]
[BlackElo "2341"]
[Annotator "TA"]
[PlyCount "89"]
[EventDate "2023.01.13"]
[EventCountry "ISR"]
[SourceTitle "playchess.com"]
[Source "ChessBase"]
[SourceQuality "1"]
[TimeControl "40/5400+30:1800+30"]

1. d4 d5 2. c4 e6 3. Nc3 Nf6 4. cxd5 exd5 5. Bg5 c6 6. e3 Be7 7. Bd3 h6 8. Bh4 O-O 9. h3 {[%emt 0:07:59] D35: Queen's Gambit Declined: Exchange Variation.} Re8 10. Qc2 Nh5 11. Bxe7 {[%emt 0:00:11] The position is equal.} (11. Bh7+ {feels hotter.} Kh8 12. Bxe7 Qxe7 13. Nge2) 11... Qxe7 {[%emt 0:00:40] [#]} 12. O-O-O $146 ({Predecessor:} 12. Qe2 Nf4 13. exf4 Qd7 14. Qxe8+ Qxe8+ 15. Nge2 Nd7 16. O-O Nf6 17. Ng3 Qf8 18. a3 {0-1 Vagovic,M (1719)-Planka,P (1803) SVK-chT4 A21 1920 2019 (2.1)}) 12... g6 (12... b5 $11) 13. Nf3 $14 Nd7 {[%emt 0:13:16] Repels Ne5} 14. g4 Ng7 15. Rhg1 b5 16. Rde1 Ne6 (16... Bb7 $11) 17. g5 {[%emt 0:13:30] White is more active.} (17. Bxg6 {is more complex.} fxg6 18. Qxg6+ Kf8 19. g5) 17... hxg5 {[%emt 0:03:14] [#]} (17... Nxg5 18. Nxg5 hxg5 19. Bxg6 $16) (17... h5 $14) 18. Bxg6 $1 $18 {[%emt 0:04:07][%mdl 576] Demolition} fxg6 (18... Kh8 19. Bf5) 19. Qxg6+ Ng7 20. Qxc6 (20. Nxg5 Nf8 21. Qxc6 Bb7 22. Qxb5 Qd7 $16) (20. Rxg5 $18 Nf8 21. Qxc6) 20... Nf6 $1 $14 {[%emt 0:11:42] And now ...Bf5 would win.} 21. Nxd5 (21. Qxa8 Qc7 22. Ne5 (22. Nxg5 $2 b4 $19 {[%mdl 64] Pin}) (22. Rxg5 $2 Bf5 $17) 22... Bd7 23. Nxd7 Qxd7 $15) (21. Rxg5 $5 Bd7 22. Qa6 $11) 21... Nxd5 22. Qxd5+ Be6 23. Qxg5 Rac8+ {[%emt 0:11:02] [#]} (23... Bxa2 $11 24. Qxe7 Rxe7) 24. Kb1 $1 $16 {[%emt 0:00:09] Threatens to win with e4. Really sharp! White leaves nothing to chance now.} Qc7 $4 (24... Qxg5 $16 25. Nxg5 (25. Rxg5 Rf8 $14) 25... Rcd8) 25. d5 $18 (25. Qxb5 Rf8 26. Qe5 Qxe5 27. Nxe5 Rxf2 $11) 25... Bxh3 26. Nd4 {[%emt 0:01:21] Qh6 would be deadly.} ({Not} 26. Qg6 Rf8 27. Nd4 (27. d6 Bf5+ $17) 27... Rxf2 $16) 26... Re5 $2 (26... Qd7 27. Rg3 Rc5) 27. Qh6 Qd7 28. Rg3 {[%emt 0:01:20] Black must now prevent Reg1. Black is weak on the dark squares} Bf5+ 29. Nxf5 Qxf5+ {[%emt 0:01:28] [#]} 30. e4 $1 Qh7 31. Qxh7+ Kxh7 32. Rh1+ Kg8 33. Rhg1 Re7 {[%emt 0:00:20] [#]} 34. e5 $1 {[%emt 0:01:02][%mdl 512] Strongly threatening d6.} Rce8 (34... Rxe5 35. Rxg7+) 35. f4 Kf8 36. Kc2 Rf7 37. Rg4 (37. d6 $142) 37... Nh5 $2 (37... Rc8+ 38. Kb1 Rc4) 38. Rg8+ {[%emt 0:02:11] White is clearly winning.} Ke7 39. d6+ Kd7 40. Rxe8 {[%emt 0:00:27][%mdl 64] Deflection} Kxe8 41. e6 {[%emt 0:30:25] Threatening mate with Rg8+.} Rg7 {[%emt 0:01:52] Wards off Rg8+} 42. Rh1 Nf6 43. Rh8+ Rg8 44. Rxg8+ (44. d7+ $142 Ke7 45. Rxg8 Nxg8 46. f5) 44... Nxg8 45. Kd3 {[%emt 0:00:00] An exciting game.   Weighted Error Value: White=0.63/Black=0.60} 1-0

[Event "Israeli Team-ch 2023"]
[Site "Petah Tikva"]
[Date "2023.01.20"]
[Round "3.24"]
[White "Polyakov, Alex"]
[Black "Mindlin, Alon"]
[Result "0-1"]
[ECO "D58"]
[WhiteElo "2214"]
[BlackElo "2432"]
[Annotator "TA"]
[PlyCount "106"]
[EventDate "2023.01.13"]
[EventCountry "ISR"]
[SourceTitle "playchess.com"]
[Source "ChessBase"]
[SourceQuality "1"]
[TimeControl "40/5400+30:1800+30"]

1. d4 Nf6 2. Nf3 d5 3. c4 e6 4. Nc3 Be7 5. Bg5 h6 6. Bh4 O-O 7. e3 b6 8. Be2 Bb7 9. O-O Nbd7 10. Rc1 c5 11. cxd5 Nxd5 12. Bg3 N7f6 {[%emt 0:02:22] D58: Queen's Gambit Declined: Tartakower Defence.} 13. Nxd5 Bxd5 {[%emt 0:05:12] [#]} 14. Ne5 $146 ({Predecessor:} 14. Qa4 Ne4 15. Rfd1 Nxg3 16. hxg3 Qe8 17. Bb5 Qb8 18. Ne5 a6 19. Bc6 b5 20. Qc2 c4 {1-0 Salimov,R (2094)-Moisseyenko,I (2287) Astana op 2019 (6)}) 14... Ne4 {[%emt 0:13:52] The position is equal.} 15. dxc5 Bxc5 16. Qa4 Qg5 {[%emt 0:02:52] ...Nxg3 would be deadly.} 17. Nf3 (17. Bf4 {with more complications.} Nc3 18. Bxg5 Nxa4 19. Bf4) 17... Qe7 18. Bc4 Bb7 19. Ba6 Rfd8 20. Bxb7 Qxb7 21. b4 b5 22. Qa5 Qb6 (22... Bf8 $17) 23. Bc7 Qxa5 24. bxa5 (24. Bxa5 $15 Bb6 25. Nd4) 24... Rd5 25. Rfd1 {[%emt 0:01:14] [#]} (25. g4 $142) 25... Rxd1+ $1 $17 26. Rxd1 Nc3 (26... Rc8 $17 27. Rd8+ Rxd8 28. Bxd8 Nc3) 27. Ra1 (27. Rd7 $15) 27... f6 $19 28. Nd4 Bxd4 29. exd4 {[%emt 0:00:02][%mdl 4096] Endgame KRB-KRN} Rc8 30. Bd6 Ne2+ 31. Kf1 Nxd4 32. Rb1 Rc4 33. a3 a6 34. h3 Kf7 35. Bb4 e5 36. Ke1 Ke6 37. Bf8 Rc8 38. Bb4 h5 39. Rb2 (39. Rd1 $142) 39... Rc2 40. Rb1 g5 41. g4 $2 (41. Kf1 {might work better.}) 41... hxg4 42. hxg4 Rc4 43. Kd2 Kd5 44. Be7 Nc6 45. Bxf6 Rxg4 46. Re1 (46. Rh1 {was called for.}) 46... Rf4 ({And not} 46... Nxa5 47. Rxe5+ Kd6 48. Rxg5 Rxg5 49. Bxg5 $15) 47. Bxg5 Rxf2+ 48. Kc3 Rf3+ 49. Re3 (49. Kb2 $142 Nxa5 50. Rd1+ Ke6 51. a4) 49... Rxe3+ 50. Bxe3 Nxa5 51. a4 bxa4 {[%emt 0:00:00] Black mates.} 52. Kb4 {[%emt 0:00:00] [#]} a3 $1 53. Bc1 (53. Bd2 e4) 53... Nc4 {[%emt 0:00:00] Weighted Error Value: White=0.63/Black=0.15 (very precise)} 0-1

[Event "Israeli Team-ch 2023"]
[Site "Petah Tikva"]
[Date "2023.01.20"]
[Round "3.25"]
[White "Pultinevicius, Paulius"]
[Black "Najer, Evgeniy"]
[Result "0-1"]
[ECO "E11"]
[WhiteElo "2570"]
[BlackElo "2662"]
[Annotator "TA"]
[PlyCount "76"]
[EventDate "2023.01.13"]
[EventCountry "ISR"]
[SourceTitle "playchess.com"]
[Source "ChessBase"]
[SourceQuality "1"]
[TimeControl "40/5400+30:1800+30"]

1. d4 Nf6 2. c4 e6 3. Nf3 Bb4+ 4. Nbd2 d5 5. e3 O-O 6. a3 Be7 7. b4 {[%emt 0:04:56] is now debated instead of 7.Bd3.} a5 8. b5 {[%emt 0:00:58] E11: Bogo-Indian.} c5 9. bxc6 bxc6 10. Qc2 {[%emt 0:03:08] [#] The position is equal.} Ba6 $146 ({Predecessor:} 10... Nbd7 11. c5 a4 12. Bd3 Qa5 13. O-O Ba6 14. Bxa6 Qxa6 15. Bb2 Rab8 16. Bc3 Ne8 {1-0 Karpov,A (2668)-Kogan,A (2566) Calatrava op rapid 2nd 2007 (5)}) 11. Bb2 Nbd7 12. c5 Bxf1 13. Kxf1 Qc7 14. g3 e5 15. dxe5 Ng4 16. Kg2 Ngxe5 17. Nxe5 Nxe5 18. Bd4 Nd7 19. Rab1 Rfb8 20. Qc3 Bf6 (20... Qa7 $11) 21. a4 Bxd4 22. exd4 h5 23. Rhe1 Nf6 24. Rxb8+ (24. Nf3 {with more complications.} Ne4 25. Qa3 Rb7 26. Rxb7 Qxb7 27. Ne5) 24... Rxb8 25. Rb1 {[%emt 0:00:12] Against Rb4} Rxb1 26. Nxb1 $11 {[%emt 0:00:04][%mdl 4096] Endgame KQN-KQN} Ne4 {[%emt 0:00:03] Prevents Nd2.} 27. Qb2 h4 28. Qb6 (28. Nd2 $11) 28... Qc8 $17 {[%emt 0:04:39] White must now prevent ...Ng5.} 29. Qxa5 (29. f3 $1 $15 Ng5 30. Kf2) 29... h3+ $2 (29... Ng5 $1 $19 {( -> ...Qh3+)} 30. Nd2 Qh3+ 31. Kh1 hxg3 32. fxg3 Qg4) 30. Kg1 $2 {[%emt 0:01:35][%mdl 8192] [#]} (30. Kf1 $1 $11) 30... Ng5 $1 $19 31. Nd2 $2 {[%emt 0:05:25] [#]} (31. Kf1 Nf3 32. Nd2 Nxd4 33. f4) 31... Qg4 $1 32. f3 Qxd4+ 33. Kf1 Ne6 {[%emt 0:01:00][%cal Og8h7] aiming for ...Kh7!} 34. f4 Qd3+ ({Worse is} 34... Qxc5 35. Qxc5 Nxc5 36. a5 $15) (34... Nxc5 35. Qd8+ Kh7 36. Qh4+ Kg8 37. Qd8+ Kh7 38. Qh4+ Kg8 39. Qd8+ $11) 35. Ke1 Qe3+ 36. Kf1 g6 {[%emt 0:01:01][%cal Bg7g6,Bg6f5][%mdl 32] Black mates.} ({And not} 36... Qxc5 37. Qxc5 Nxc5 38. a5 $15) 37. Qa8+ Kg7 38. f5 gxf5 {[%emt 0:00:15] Weighted Error Value: White=0.85/Black=0.23 (precise)} 0-1

[Event "Israeli Team-ch 2023"]
[Site "Petah Tikva"]
[Date "2023.01.20"]
[Round "3.26"]
[White "Zanan, Evgeny"]
[Black "Soffer, Ram"]
[Result "1/2-1/2"]
[ECO "B11"]
[WhiteElo "2483"]
[BlackElo "2475"]
[Annotator "TA"]
[PlyCount "101"]
[EventDate "2023.01.13"]
[EventCountry "ISR"]
[SourceTitle "playchess.com"]
[Source "ChessBase"]
[SourceQuality "1"]
[TimeControl "40/5400+30:1800+30"]

1. e4 c6 2. Nf3 d5 3. Nc3 Bg4 4. h3 Bxf3 5. Qxf3 e6 6. Be2 Bc5 {[%emt 0:00:23] B11: Caro-Kann: Two Knights Variation.} 7. O-O Nd7 8. Qg3 Bd4 (8... Ngf6 {with more complications.} 9. d3 O-O 10. Bf4 Ne8) 9. exd5 exd5 {[%emt 0:00:29] [#]} 10. Bd3 $146 ({Predecessor:} 10. Re1 Ne7 11. Bg4 Nf6 12. Ne2 Ne4 13. Nxd4 Nxg3 14. fxg3 O-O 15. c3 Re8 16. Rf1 {0-1 Sarana,A (2649)-Tomashevsky,E (2706) Titled Tuesday intern op 02nd Feb blitz 2021 (11)}) 10... Ne7 11. b3 Qb8 12. Qg4 Bf6 13. f4 Nc5 14. Ba3 Nxd3 15. Bxe7 Kxe7 ({Much worse is} 15... Bxe7 16. Qxg7 (16. cxd3 O-O $17) 16... Kd7 17. Qg4+ (17. cxd3 Qf8 $14) 17... Kc7 18. cxd3 $11) 16. cxd3 (16. Qe2+ $15 Kd7 17. Qxd3) 16... Qd6 $17 17. Rae1+ Kd8 18. Kh1 h5 19. Qf3 h4 20. Nd1 Kc7 21. Ne3 Rae8 22. Ng4 Bd4 23. Ne5 Re7 24. Qg4 Rhe8 25. Qxh4 g5 (25... Qb4 $5 26. Nxf7 Bc5 $11) 26. Qg4 (26. Qxg5 $2 {is the wrong capture.} f6 27. Qh6 fxe5 28. Qxd6+ Kxd6 $19) 26... gxf4 27. Nf3 {[%emt 0:00:03] [#] Strongly threatening Rxe7+.} Rxe1 28. Rxe1 Rxe1+ 29. Nxe1 $11 {[%emt 0:00:04][%mdl 4096] Endgame KQB-KQN} Bf2 30. Nf3 (30. Qe2 $5 Bg3 31. Nf3 $11) 30... Kb6 31. Qf5 f6 (31... Bg3 $1 $15 32. Qe5 Qxe5 33. Nxe5 Kc5) 32. d4 Bg3 33. Qc2 Qe6 34. Qd1 {[%emt 0:00:37] Prevents Qe2} ({White should try} 34. d3 $11) 34... Qe4 35. d3 Qf5 36. Qe2 {[%emt 0:00:12] The position is equal.} a5 37. Kg1 Qh7 38. Kf1 Kc7 39. Qd2 b6 40. Ke2 Kd7 41. Kd1 Qf5 42. Qe2 Qh7 43. Nd2 Qh4 44. Nf3 Qh7 45. Kc2 Qh8 46. Kb2 Qh7 47. a3 Qh8 48. Qd2 Qe8 49. Kc2 Qe7 50. Kb2 Qe8 51. Kc2 {[%emt 0:02:59] Weighted Error Value: White=0.08 (flawless) /Black=0.06 (flawless)} 1/2-1/2

[Event "Israeli Team-ch 2023"]
[Site "Petah Tikva"]
[Date "2023.01.20"]
[Round "3.27"]
[White "Mesropov, Konstantin"]
[Black "Bronstein, Or"]
[Result "1/2-1/2"]
[ECO "B96"]
[WhiteElo "2437"]
[BlackElo "2447"]
[Annotator "TA"]
[PlyCount "41"]
[EventDate "2023.01.13"]
[EventCountry "ISR"]
[SourceTitle "playchess.com"]
[Source "ChessBase"]
[SourceQuality "1"]
[TimeControl "40/5400+30:1800+30"]

1. e4 c5 2. Nf3 d6 3. d4 cxd4 4. Nxd4 Nf6 5. Nc3 a6 6. Bg5 Nbd7 7. Qe2 e6 8. f4 Qc7 9. O-O-O b5 10. a3 {[%emt 0:05:02] B96: Sicilian Najdorf: 6 Bg5 e6 7 f4, lines other than 7...Qb6 and 7...Be7.} Be7 $1 {[%emt 0:00:21][%mdl 4] outshines the older 10...Bb7.} 11. g4 h6 12. Bxf6 {[%emt 0:16:01] White is slightly better.} (12. Bh4 $5 ) 12... Bxf6 {[%emt 0:06:05] The position is equal.} 13. Ndxb5 axb5 14. Nxb5 Qc5 {[%emt 0:03:43] aiming for ...Ba6.} 15. Nxd6+ Kf8 {[%emt 0:00:58][%cal Of6b2] ( -> ...Bxb2+!)} 16. e5 {[%emt 0:00:52] [#]} Rxa3 $146 {[%emt 0:10:40][%mdl 64] [#] Demolition} ({Predecessor:} 16... Be7 17. h4 Nb6 18. Rh3 Ba6 19. Qe4 Bxf1 20. Rc3 Qa5 21. Rxf1 Bxd6 22. exd6 Qa6 {½-½ Herriot,B (2223)-Sherwood,R (2326) WLS-Yorkshire email 2016 [1]}) 17. bxa3 Qxa3+ 18. Kb1 Qb4+ 19. Ka2 Qa4+ 20. Kb1 Qb4+ 21. Ka2 {[%emt 0:01:18] Weighted Error Value: White=0.04 (flawless) /Black=0.00 (flawless)} 1/2-1/2

[Event "Israeli Team-ch 2023"]
[Site "Petah Tikva"]
[Date "2023.01.20"]
[Round "3.28"]
[White "Veinberg, Nimrod"]
[Black "Ben Ari, Yannay"]
[Result "1-0"]
[ECO "E51"]
[WhiteElo "2400"]
[BlackElo "2406"]
[Annotator "TA"]
[PlyCount "171"]
[EventDate "2023.01.13"]
[EventCountry "ISR"]
[SourceTitle "playchess.com"]
[Source "ChessBase"]
[SourceQuality "1"]
[TimeControl "40/5400+30:1800+30"]

1. d4 Nf6 2. c4 e6 3. Nc3 Bb4 4. Bd2 O-O 5. Nf3 d5 6. e3 Nbd7 7. a3 Be7 {[%emt 0:13:51] is more profitable than 7...Bxc3 at the moment. E51: Nimzo-Indian: Rubinstein: 4...0-0 5 Nf3 d5.} 8. b4 {[%emt 0:05:02] [#]} a5 $146 ({Predecessor:} 8... dxc4 9. Bxc4 b6 10. O-O Bb7 11. Qe2 c5 12. b5 Rc8 13. Bb3 Qc7 14. Rfc1 e5 15. dxc5 Nxc5 {½-½ Hasinski,K (1714)-Pijewski,M (1496) Lazy Baltic Pearl op-A 18th 2022 (6)}) 9. b5 b6 {[%emt 0:13:00] The position is equal.} 10. cxd5 exd5 11. Be2 Bd6 12. O-O Bb7 13. Qb3 Re8 14. g3 Qe7 15. a4 Rad8 16. Bc1 Nf8 17. Ba3 Ng6 18. Bxd6 Rxd6 19. Rfc1 Ng4 20. Nd1 h5 21. Ra2 Rd7 22. Rac2 Qd6 23. Ng5 Rde7 24. Rc3 Nf8 25. Qc2 Qf6 26. Nh3 (26. h4 $16) 26... Ne6 (26... g5 $1 $11) 27. Bf1 (27. Nf4 $16) 27... g6 28. Nb2 Kg7 (28... g5 $11) 29. Nd3 $16 h4 (29... g5 $1 $14) 30. Qd1 Nh6 31. Nhf4 hxg3 32. hxg3 Nxf4 33. Nxf4 (33. exf4 Qxd4 34. Rxc7 Nf5 35. Rxe7 Rxe7 $11) 33... Qd6 34. Bg2 Ng8 35. Qc2 Nf6 36. Rxc7 {[%emt 0:00:23] White is more active.} Qa3 37. Bh3 Ne4 $2 (37... Rxc7 $16 38. Qxc7 Re7) 38. Bd7 $18 Rb8 {[%emt 0:00:01] [#]} 39. Rxb7 Rxb7 40. Bc6 Rb8 41. Nxd5 (41. Bxd5 Rh8 $16) 41... Re6 42. Nf4 Re7 43. Kg2 Nxf2 44. Kxf2 Qxe3+ 45. Kg2 Qxd4 46. Qc3 $36 {[%emt 0:00:00][%mdl 2048] Black is under strong pressure.} Rd8 47. Qxd4+ {[%emt 0:00:00][%mdl 64] Remove Defender} Rxd4 48. Nd5 Re2+ 49. Kf3 (49. Kf1 $16 Ra2 50. Nxb6) 49... Rdd2 (49... Red2 $1 $11 {remains equal.}) 50. Rf1 ({Of course not} 50. Nxb6 $6 Rf2+ 51. Kg4 Rd4+ 52. Kh3 Rd8 $11) 50... Rh2 (50... Re6 $16) 51. Nxb6 Rd3+ 52. Kf4 Re2 53. Nd7 (53. g4 $18) 53... Rd4+ {[%emt 0:01:11] [#]} 54. Kf3 $1 Rc2 55. Rb1 (55. Rf2 $142 Rc3+ 56. Kg2) 55... Rxa4 $16 56. b6 (56. Rb3 $5 Rac4 57. Bd5 $16) 56... Rc3+ $2 {[%emt 0:00:03][%mdl 8192] Black is on the road to losing.} (56... Rxc6 $2 57. b7 Rd4 58. b8=Q $18 (58. b8=R $2 {is the wrong capture.} Rc3+ 59. Ke2 Rxd7 $19)) ({Black should try} 56... Ra3+ $1 $14 57. Ke4 Rxc6) 57. Kg2 $18 Raa3 {[%emt 0:00:46] [#]} 58. Nc5 Rxg3+ (58... Rxc5 $2 59. b7 Rxc6 60. b8=Q (60. b8=B $2 {too greedy.} a4 $19) 60... Rc2+ 61. Kg1 $18) 59. Kf2 {[%emt 0:00:48] Hoping for b7.} Rh3 60. b7 Ra2+ 61. Kf1 Rh8 62. b8=Q Rxb8 63. Rxb8 Rc2 64. Rb5 a4 65. Be4 Rc1+ 66. Ke2 a3 67. Ra5 a2 68. Nb3 Rc3 69. Nd2 f5 70. Bd3 Kf6 71. Rxa2 Rc8 72. Ra6+ Kg5 73. Nf3+ Kf4 74. Rxg6 (74. Kf2 $142 Re8 75. Ra4+ Re4 76. Bxe4 fxe4 77. Rd4 g5 78. Nd2 Ke5 79. Ke3) 74... Rg8 75. Rf6 (75. Bxf5 $142 Rxg6 76. Bxg6 Kg3 77. Ke3 Kg4 78. Ke4 Kg3 79. Bh5 Kf2 80. Ne5) 75... Rg2+ 76. Kf1 Ra2 77. Rxf5+ Ke3 78. Ne1 Ra4 79. Rf3+ {[%emt 0:00:09] White mates.} Kd2 80. Bf5 Rh4 81. Rd3+ Kc1 82. Nf3 Rf4 83. Bh7 Rf7 84. Be4 Rf4 85. Re3 Rf8 86. Rb3 {[%emt 0:00:38] Weighted Error Value: White=0.36/Black=0.41} 1-0